 Dungeon Crawl Stone Soup version 0.29-a0-322-g68df515428 (webtiles) character file.

Game seed: 3637520666779184268

758 Beewulf the Covered (level 7, -1/63 HPs)
             Began as a Minotaur Fighter on Apr 9, 2022.
             Slain by a thrashing horror (6 damage)
             ... on level 1 of the Abyss.
             The game lasted 00:17:15 (3344 turns).

Beewulf the Covered (Minotaur Fighter)              Turns: 3344, Time: 00:17:16

Health: -1/63      AC:  8    Str: 22    XL:     7   Next: 50%
Magic:  6/6        EV: 10    Int:  5    God:
Gold:   125        SH:  5    Dex: 10    Spells: 6/6 levels left

rFire   + . .      SeeInvis .   m - +0 whip
rCold   . . .      Faith    .   c - +0 buckler
rNeg    . . .      Spirit   .   k - +2 ring mail {rF+}
rPois   .          Reflect  .   (helmet restricted)
rElec   .          Harm     .   (no cloak)
rCorr   .          Rampage  .   (no gloves)
Will    .....                   (no boots)
Stlth   ..........              (no amulet)
HPRegen 0.20/turn               (no ring)
MPRegen 0.10/turn               (no ring)

@: about to teleport
A: horns 2, retaliatory headbutt
a: no special abilities


You were on level 1 of the Abyss.
You visited 1 branch of the dungeon, and saw 5 of its levels.
You visited the Abyss 1 time.

You collected 125 gold pieces.

Inventory:

Hand Weapons
 a - a +0 rapier
 f - a +0 club
 m - a +0 whip (weapon)
Armour
 b - a +0 scale mail
 c - a +0 buckler (worn)
 k - a +2 ring mail of fire resistance (worn)
Scrolls
 o - 2 scrolls of enchant armour
Potions
 d - a potion of might
 g - a potion of cancellation
 l - a potion of heal wounds {unknown}
 p - 2 potions of berserk rage {unknown}


   Skills:
 + Level 6.0 Fighting
 - Level 2.1 Short Blades
 * Level 5.7 Maces & Flails
 + Level 6.6 Armour
 - Level 0.1 Stealth
 + Level 4.9 Shields


You had 6 spell levels left.
You didn't know any spells.
Your spell library was empty.

Dungeon Overview and Level Annotations

Branches:
Dungeon (6/15)
 Temple: D:4-7

Altars:
Kikubaaqudgha


Innate Abilities, Weirdness & Mutations

You have a pair of horns on your head.
You reflexively headbutt those who attack you in melee.


Message History

A small abomination comes into view.
The tarantella disappears in a puff of smoke!
The worldbinder calls forth creatures from the Spider Nest!
The worldbinder calls forth creatures from the Spider Nest!
The tarantella touches you.
The orb spider disappears in a puff of smoke!
A thrashing horror comes into view.
The thrashing horror roars!
The tarantella touches you!
You are confused.
You bump into the metal wall.
The tarantella barely misses you.
You are too confused!
You feel better.
The thrashing horror closely misses you.
The thrashing horror misses you. The tarantella touches you! x2
* * * LOW HITPOINT WARNING * * *
As you read the scroll of teleportation, it crumbles to dust.
You feel strangely unstable.
You feel the power of the Abyss delaying your translocation!
The thrashing horror tramples you but does no damage.
The thrashing horror tramples you.
* * * LOW HITPOINT WARNING * * *
You hold your ground!
The tarantella misses you. You furiously retaliate!
You headbutt the tarantella.
The thrashing horror tramples you but does no damage. x2
The thrashing horror tramples you.
* * * LOW HITPOINT WARNING * * *
You hold your ground!
The thrashing horror tramples you!
* * * LOW HITPOINT WARNING * * *
You hold your ground!
The tarantella barely misses you. You furiously retaliate!
You headbutt the tarantella.
You feel better.
The thrashing horror roars!
The thrashing horror completely misses you.
You furiously retaliate!
You headbutt the thrashing horror. The thrashing horror misses you.
The tarantella closely misses you. The thrashing horror tramples you!
* * * LOW HITPOINT WARNING * * *
You hold your ground!
The thrashing horror tramples you.
You die...

#. .. .. #.
... ### . ..#
. #..#. #..
#.##.#.## #..
#..##...##
#.#
#.#...x.s##Z#
# #.#... #sX#
#....x###@##
#..#.#..####
## . .# #
###xs## .# .
. ##..## #
##. ###.## .#
. .. ## #
##.##.#....#
. #...#.#Z..#
## . # #. #ยง
. . # ###.##


You could see a thrashing horror, 2 tarantellas and a juggernaut zombie.

Vanquished Creatures
  Sigmund (D:3)
  A chaos spawn (Abyss:1)
  3 black bears (D:6)
  A centaur (D:6)
  A bullfrog (D:6)
  2 hounds (D:6)
  A jelly (D:5)
  Jessica (D:3)
  2 gnolls (D:6)
  An adder (D:3)
  A worm (D:2)
  A dart slug (D:3)
  5 ball pythons
  5 endoplasms
  2 giant cockroaches
  8 goblins
  2 hobgoblins
  9 kobolds
  3 quokkas
  2 bats
  5 frilled lizards
  2 rats
59 creatures vanquished.

Notes
Turn   | Place    | Note
-------+----------+-------------------------------------------
     0 | D:1      | Beewulf the Minotaur Fighter began the quest for the Orb.
     0 | D:1      | Reached XP level 1. HP: 19/19 MP: 0/0
   265 | D:1      | Reached XP level 2. HP: 27/27 MP: 1/1
   555 | D:1      | Found a faded altar of an unknown god.
  1296 | D:2      | Reached XP level 3. HP: 34/34 MP: 2/2
  1399 | D:2      | Found an ancient bone altar of Kikubaaqudgha.
  1821 | D:3      | Noticed Jessica
  1834 | D:3      | Killed Jessica
  1835 | D:3      | Reached skill level 1 in Maces & Flails
  1835 | D:3      | Reached XP level 4. HP: 22/41 MP: 3/3
  2164 | D:3      | Noticed Sigmund
  2192 | D:3      | Killed Sigmund
  2193 | D:3      | Reached skill level 5 in Fighting
  2193 | D:3      | Reached skill level 5 in Armour
  2193 | D:3      | Reached XP level 5. HP: 22/48 MP: 4/4
  2380 | D:3      | You fall into a shaft and drop 3 floors!
  2381 | D:6      | Noticed a black bear
  2399 | D:6      | Reached XP level 6. HP: 54/56 MP: 5/5
  2548 | D:5      | Entered Level 5 of the Dungeon
  2821 | D:6      | Reached XP level 7. HP: 52/62 MP: 6/6
  2873 | D:6      | Reached skill level 5 in Maces & Flails
  3147 | D:5      | Cast into level 1 of the Abyss (gnoll)
  3192 | Abyss:1  | Noticed a chaos spawn
  3230 | Abyss:1  | HP: 2/63 [chaos spawn (9)]
  3237 | Abyss:1  | Killed a chaos spawn
  3321 | Abyss:1  | Noticed a worldbinder
  3327 | Abyss:1  | Noticed a juggernaut zombie
  3328 | Abyss:1  | Noticed a wolf spider
  3328 | Abyss:1  | Noticed a tarantella
  3328 | Abyss:1  | Noticed a tarantella
  3336 | Abyss:1  | Noticed a tarantella
  3338 | Abyss:1  | Noticed an orb spider
  3338 | Abyss:1  | Noticed a tarantella
  3339 | Abyss:1  | Noticed a thrashing horror
  3343 | Abyss:1  | HP: 2/63 [thrashing horror (7)]
  3344 | Abyss:1  | Slain by a thrashing horror

Illustrated notes

Levels and vault maps discovered:
D:1:      sevenhm_arrival_forest_fort_large_2, layout_basic,
          dilly_ecumenical_altar_fadedgnrine, minmay_pentomino_p4
D:2:      layout_loops_ring, basic_altar
D:3:      wander_river, layout_loops_corners, mainiacjoe_overflow_alcove_2,
          uniq_sigmund, uniq_jessica
D:5:      layout_rooms, nicolae_vehumet_radiance, zin_purify,
          minmay_quadrilaterals
D:6:      lemuel_ratsnest, layout_loops_ring, minmay_temple_entry_junction,
          nicolae_elevator_lobby_plus
Abyss:1:  base: D:1, hangedman_decor_riveting

Skill      XL: |  1  2  3  4  5  6  7 |
---------------+----------------------+-----
Fighting       | 4 5 6 |  6.0
Armour         | 4 5 6 |  6.6
Maces & Flails | 1 2 3 4 5 |  5.7
Shields        | 4 |  4.9
Short Blades   | |  2.1
Stealth        | |  0.1

Action                   |  1- 3 |  4- 6 |  7- 9 || total
-------------------------+-------+-------+-------++-------
Melee: Rapier            |    64 |       |       ||    64
       Headbutt          |    14 |    19 |     8 ||    41
       Whip              |    30 |    90 |    38 ||   158
  Use: Scroll            |     5 |     4 |     1 ||    10
       Potion            |       |     1 |     4 ||     5
Armor: Scale mail        |    18 |       |       ||    18
       Ring mail         |    18 |    42 |    22 ||    82
Dodge: Dodged            |    39 |    60 |    24 ||   123
Block: Buckler           |    17 |    23 |     7 ||    47

Table legend: (Time is in decaauts)
 A = Elapsed time spent in this place.
 B = Non-inter-level travel time spent in this place.
 C = Inter-level travel time spent in this place.
 D = Time resting spent in this place.
 E = Time spent auto-exploring this place.
 F = Levels seen in this place.
 G = Mean time per level.
                   A        B        C        D        E       F      G
               +--------+--------+--------+--------+--------+-----+--------+
         Total |   3352 |   3352 |      0 |    747 |   1194 |   6 |  558.7 |
       Dungeon |   3157 |   3157 |      0 |    664 |   1194 |   5 |  631.4 |
         Abyss |    194 |    194 |      0 |     83 |      0 |   1 |  194.0 |
               +--------+--------+--------+--------+--------+-----+--------+

Top non-repeatable levels by time:
     D:1: 1101 daAuts
     D:2: 701 daAuts
     D:6: 698 daAuts
     D:3: 590 daAuts
 Abyss:1: 194 daAuts
     D:5: 65 daAuts
